 Dungeon Crawl Stone Soup version 0.31-a0-271-gb88eb75e06 (webtiles) character file.

Game seed: 17441468278838573285

126 Iniera the Stinger (level 4, -3/33 HPs)
             Began as a Draconian Venom Mage on July 15, 2023.
             Killed from afar by an orc wizard (13 damage)
             ... with a puff of flame
             ... on level 4 of the Dungeon.
             The game lasted 00:03:51 (2810 turns).

Iniera the Stinger (Draconian Venom Mage)           Turns: 2810, Time: 00:03:52

Health: -3/33      AC:  7    Str: 16    XL:     4   Next: 84%
Magic:  8/8        EV: 12    Int: 17    God:
Gold:   84         SH:  0    Dex: 12    Spells: 2/8 levels left

rFire   . . .        d - +0 great sword
rCold   . . .        (shield currently unavailable)
rNeg    . . .        (body armour unavailable)
rPois   .            (helmet restricted)
rElec   .            (no cloak)
rCorr   .            (no gloves)
SInv    .            f - +1 pair of boots
Will    .....        (no amulet)
Stlth   ++           k - +6 ring of strength
HPRegen 0.25/turn    (no ring)
MPRegen 0.11/turn

%: no passive effects
@: no status effects
A: AC +5, unfitting armour, cold-blooded
a: no special abilities


You were on level 4 of the Dungeon.
You visited 1 branch of the dungeon, and saw 4 of its levels.

You collected 246 gold pieces.
You spent 162 gold pieces at shops.

Inventory:

Hand Weapons
 b - a +1 long sword
 d - a +0 great sword (weapon)
Armour
 f - a +1 pair of boots (worn)
Jewellery
 k - a +6 ring of strength (left hand)
Wands
 j - a wand of light (8)
Scrolls
 m - a scroll of blinking
 n - a scroll of teleportation
Potions
 a - a potion of magic
 c - 3 potions of enlightenment
 e - a potion of lignification
 i - a potion of haste
 o - a potion of might {unknown}


   Skills:
 - Level 1.7 Dodging
 - Level 1.7 Stealth
 + Level 2.7 Spellcasting
 + Level 1.8 Conjurations
 + Level 2.1 Transmutations
 + Level 1.8 Air Magic
 + Level 3.6 Poison Magic


You had 2 spell levels left.
You knew the following spells:

 Your Spells              Type           Power      Damage    Failure   Level
a - Sting                 Tmut/Pois      48%        1d5       5%          1
b - Poisonous Vapours     Pois/Air       22%        N/A       9%          2
c - Mephitic Cloud        Conj/Pois/Air  10%        N/A       21%         3

Your spell library contained the following spells:

 Spells                   Type           Power      Damage    Failure   Level
 Magic Dart               Conj           32%        1d4       9%          1
 Wereblood                Tmut           9%         N/A       11%         2
 Call Imp                 Summ           4%         N/A       26%         2
 Sublimation of Blood     Necr           2%         N/A       26%         2
 Olgreb's Toxic Radiance  Pois           14%        N/A       38%         4
 Summon Guardian Golem    Hex/Summ       2%         N/A       47%         3
 Orb of Destruction       Conj           4%         9d5       100%        7
 Spellforged Servitor     Conj/Summ      2%         N/A       100%        7
 Summon Hydra             Summ           1%         N/A       100%        7


Dungeon Overview and Level Annotations

Branches:
Dungeon (4/15)
 Temple: D:4-7

Altars:
Qazlal

Shops:
D:3 ?


Innate Abilities, Weirdness & Mutations

Your plain brown scales are hard. (AC +5)
You cannot fit into any form of body armour.
You are cold-blooded and may be slowed by cold attacks.


Message History

No target in view!
No target in view!
Something hits you but does no damage.
You barely miss something. Something hits you.
Something hits you but does no damage.
You closely miss something.
You hear some strange, mumbled words.
A magic dart appears from out of thin air!
The magic dart hits you.
You closely miss something.
Something hits you but does no damage. x2
You miss something.
You hear some strange, mumbled words.
You are confused.
You hear some strange, mumbled words.
A puff of flame appears from out of thin air!
The puff of flame hits you!
You completely miss something. Something hits you but does no damage.
Something hits you. Something hits you but does no damage.
Something hits you but does no damage.
You bump into the rock wall.
Something hits you. Something hits you.
* * * LOW HITPOINT WARNING * * *
You're too confused to move!
You feel less confused.
You hear some strange, mumbled words.
A magic dart appears from out of thin air!
The magic dart hits you.
* * * LOW HITPOINT WARNING * * *
You miss something.
Your tail-slap misses something.
You hear some strange, mumbled words.
A magic dart appears from out of thin air!
The magic dart hits you.
* * * LOW HITPOINT WARNING * * *
You feel better. Something hits you.
You barely miss something.
You hear some strange, mumbled words.
A puff of flame appears from out of thin air!
The puff of flame hits you!
You die...

#.#..#####...
#.##....... #.#
#...# ##.###...####
###
#...##.#....###....
#.<.##.####........
#...##.###...#.....
## ##.....##...##
.... #.
#@.#####.#........
##.
#{.####..####.....
####..###....##.##
....
......#...##..#.#
..
#..#####.#.####.. .
#.## #.........#
#.†)# #......####
......# #.......#
.........
.........#


There were no monsters in sight!

Vanquished Creatures
  Ijyb (D:3)
  3 adders
  2 worms
  2 dart slugs
  7 endoplasms
  A giant cockroach (D:1)
  4 goblins
  8 hobgoblins
  5 kobolds
  3 quokkas
  11 ball pythons
  4 bats
  3 frilled lizards
  7 rats
61 creatures vanquished.

Notes
Turn   | Place    | Note
-------+----------+-------------------------------------------
     0 | D:1      | Iniera the Draconian Venom Mage began the quest for the
                  | Orb.
     0 | D:1      | Reached XP level 1. HP: 14/14 MP: 3/3
   182 | D:1      | Reached XP level 2. HP: 7/20 MP: 0/5
   894 | D:2      | Found a faded altar of an unknown god.
   950 | D:2      | Found a stormy altar of Qazlal.
  1056 | D:2      | Reached skill level 1 in Air Magic
  1103 | D:2      | Reached skill level 1 in Conjurations
  1103 | D:2      | Reached XP level 3. HP: 24/26 MP: 3/6
  1106 | D:2      | Learned a level 2 spell: Poisonous Vapours
  1110 | D:2      | Learned a level 3 spell: Mephitic Cloud
  1595 | D:3      | Noticed Ijyb
  1613 | D:3      | Killed Ijyb
  1614 | D:3      | Reached XP level 4. HP: 5/33 MP: 4/7
  2346 | D:3      | Found Giuvo's Magic Scroll Boutique.
  2371 | D:3      | Bought a scroll of identify for 26 gold pieces
  2371 | D:3      | Bought a scroll of blinking for 97 gold pieces
  2371 | D:3      | Bought a scroll of teleportation for 39 gold pieces
  2810 | D:4      | Killed from afar by an orc wizard

Illustrated notes

Levels and vault maps discovered:
D:1:      dpeg_chamrin_arrival_tetris, layout_rooms
D:2:      layout_rooms, basic_altar, dreamdust_ecumenical_altar_grove
D:3:      layout_loops_corners, serial_shops, shop, uniq_ijyb
D:4:      layout_rooms, xom_teletrap_fun, kiku_gazebo_garden_becter,
          chequers_serial_rivers_small_b

Skill      XL: |  1  2  3  4 |
---------------+-------------+-----
Air Magic      | 1 |  1.8
Conjurations   | 1 |  1.8
Transmutations | 2 |  2.1
Dodging        | |  1.7
Stealth        | |  1.7
Spellcasting   | |  2.7
Poison Magic   | |  3.6

Action                     |  1- 3 |  4- 6 || total
---------------------------+-------+-------++-------
  Melee: Long sword        |    28 |       ||    28
         Unarmed           |     1 |       ||     1
         Punch             |     1 |       ||     1
         Great sword       |    63 |    35 ||    98
         Tailslap          |     6 |     4 ||    10
   Cast: Sting             |    39 |    31 ||    70
         Poisonous Vapours |     1 |       ||     1
    Use: Scroll            |     7 |     2 ||     9
         Potion            |       |     1 ||     1
   Stab: Sleeping          |     2 |       ||     2
 Armour: Skin              |    53 |    38 ||    91
  Dodge: Dodged            |   118 |    33 ||   151

Table legend: (Time is in decaauts)
 A = Elapsed time spent in this place.
 B = Non-inter-level travel time spent in this place.
 C = Inter-level travel time spent in this place.
 D = Time resting spent in this place.
 E = Time spent auto-exploring this place.
 F = Levels seen in this place.
 G = Mean time per level.
                   A        B        C        D        E       F      G
               +--------+--------+--------+--------+--------+-----+--------+
         Total |   2893 |   2811 |     82 |    164 |   2102 |   4 |  723.2 |
       Dungeon |   2893 |   2811 |     82 |    164 |   2102 |   4 |  723.2 |
               +--------+--------+--------+--------+--------+-----+--------+

Top non-repeatable levels by time:
     D:3: 1225 daAuts
     D:1: 903 daAuts
     D:2: 587 daAuts
     D:4: 177 daAuts
